 Dungeon Crawl Stone Soup version 0.24.1-8-ga250c9d538 (webtiles) character file.

Game seed: 14788183232701850552, levelgen mode: deterministic

242 Napalmbreeze the Poker (level 6, -8/48 HPs)
             Began as a Merfolk Gladiator on May 3, 2020.
             Killed by nerve-wracking pain
             ... invoked by Grinder
              (13 damage)
             ... on level 3 of the Dungeon.
             The game lasted 00:06:55 (2609 turns).

Napalmbreeze the Poker (Merfolk Gladiator)          Turns: 2609, Time: 00:06:55

Health: -8/48      AC:  5    Str: 14    XL:     6   Next: 9%
Magic:  6/6        EV: 16    Int:  9    God:
Gold:   152        SH:  0    Dex: 16    Spells: 5/5 levels left

rFire    + . .     SeeInvis .   a - +0 trident
rCold    . . .     Gourm    .   (no shield)
rNeg     . . .     Faith    .   r - +2 robe {rF+}
rPois    .         Spirit   .   c - +0 helmet
rElec    .         Reflect  .   (no cloak)
rCorr    .         Harm     .   (no gloves)
MR       .....                  (no boots)
Stlth    +.........             (no amulet)
HPRegen  0.16/turn              s - ring of flight
MPRegen  0.10/turn              (no ring)

@: no status effects
A: change form in water, swift swim, stealthy swim
a: Evoke Flight


You were on level 3 of the Dungeon.
You were not hungry.

You visited 1 branch of the dungeon, and saw 4 of its levels.

You collected 152 gold pieces.

Inventory:

Hand Weapons
 a - a +0 trident (weapon)
Armour
 b - a +0 leather armour
 c - a +0 helmet (worn)
 h - a +0 shield
 r - a +2 robe of fire resistance (worn)
Jewellery
 s - a ring of flight (left hand)
Scrolls
 e - 4 scrolls of teleportation {unknown}
 g - a scroll of fear {unknown}
 i - a scroll of amnesia {unknown}
 j - a scroll of fog {unknown}
 k - a scroll of blinking {unknown}
 l - a scroll of identify
 n - 3 scrolls of remove curse
 u - a scroll of immolation {unknown}
 x - a scroll of random uselessness {unknown}
Potions
 o - 2 potions of haste
 p - a potion of agility {unknown}
 q - a potion of ambrosia {unknown}
 v - a potion of curing {unknown}
 w - 2 potions of lignification {unknown}
 A - a potion of mutation {unknown}
Comestibles
 f - 10 rations
 m - 5 chunks of flesh


   Skills:
 + Level 3.8 Fighting
 * Level 7.5 Polearms
 - Level 2.0 Throwing
 + Level 5.5 Dodging


You had 5 spell levels left.
You didn't know any spells.
Your spell library contained the following spells:

 Spells                   Type           Power        Failure   Level  Hunger
 Magic Dart               Conj           #...         38%         1    ##.....
 Blink                    Tloc           N/A          52%         2    ###....
 Call Imp                 Summ           #.......     52%         2    ###....
 Slow                     Hex            #.......     52%         2    ###....
 Conjure Flame            Conj/Fire      #.......     77%         3    ####...
 Mephitic Cloud           Conj/Pois/Air  #.......     77%         3    ####...


Dungeon Overview and Level Annotations

Branches:
Dungeon (4/15)
 Temple: D:4-7

Altars:
Trog

Annotations:
D:3 Grinder


Message History

Throwing (i - inventory)
t - a poisoned dart (quivered)
Press: ? - help, Shift-Dir - straight line, f/p - Grinder
Aim: Grinder (almost dead)
You throw a poisoned dart.
The poisoned dart barely misses Grinder.
Unknown command.
Unknown command.
You closely miss Grinder.
Grinder is almost dead.
Grinder barely misses you.
Unknown command.
You closely miss Grinder.
Grinder is almost dead.
Grinder misses you.
Unknown command.
You hit Grinder but do no damage.
Grinder is almost dead.
Grinder gestures at you. Pain shoots through your body!
You die...

#.###.#### #.##..# #)##.##
#.#..# ######...## ######
#######.......#######.....
#.........##.##.......####
#.......5.##>...#######
#(.......@.....##
##########.....###### #
#.##.......######
#.###.####....... #.# #.#
####.... #.# #.# #....
######.###.#######..##
#...#..............##
#.....####...######


You could see Grinder.

Vanquished Creatures
  A hound (D:3)
  Jessica (D:2)
  Robin (D:3)
  5 adders
  4 oozes
  5 worms
  3 dart slugs
  5 leopard geckos
  2 orcs (D:3)
  8 bats
  3 giant cockroaches (D:3)
  14 goblins
  8 hobgoblins
  3 jackals (D:3)
  2 quokkas (D:3)
  2 ball pythons
  6 frilled lizards
  9 kobolds
  10 rats
92 creatures vanquished.

Notes
Turn   | Place    | Note
-------+----------+-------------------------------------------
     0 | D:1      | Napalmbreeze the Merfolk Gladiator began the quest for the
                  | Orb.
     0 | D:1      | Reached XP level 1. HP: 16/16 MP: 1/1
   198 | D:1      | Reached XP level 2. HP: 20/23 MP: 2/2
   421 | D:1      | Reached skill level 5 in Polearms
   512 | D:1      | Reached XP level 3. HP: 28/28 MP: 3/3
   865 | D:2      | Noticed Jessica
   872 | D:2      | Killed Jessica
   872 | D:2      | Reached skill level 6 in Polearms
   872 | D:2      | Reached XP level 4. HP: 19/35 MP: 4/4
  1620 | D:3      | Reached skill level 5 in Dodging
  1837 | D:3      | Reached XP level 5. HP: 41/41 MP: 5/5
  1898 | D:3      | Found a bloodstained altar of Trog.
  2079 | D:3      | Noticed Robin
  2176 | D:3      | Killed Robin
  2227 | D:3      | Reached skill level 7 in Polearms
  2300 | D:3      | Reached XP level 6. HP: 44/48 MP: 6/6
  2567 | D:3      | Noticed Grinder
  2568 | D:3      | Paralysed by Grinder for 3 turns
  2579 | D:3      | Paralysed by Grinder for 4 turns
  2598 | D:3      | Paralysed by Grinder for 7 turns
  2609 | D:3      | Killed from afar by Grinder

Levels and vault maps discovered:
D:1:      minmay_arrival_cross, layout_basic
D:2:      layout_loops_ring, uniq_jessica
D:3:      minmay_chambers_of_threes, layout_rooms, bloody_trog,
          kennysheep_generic_room_13, uniq_grinder, uniq_robin
D:4:      layout_rooms, lemuel_round_altar, gammafunk_temple_overflow_pools,
          minmay_temple_entry_statues_fountains, first_ration, kennysheep_dice,
          uniq_sigmund, uniq_duvessa

Skill      XL: |  1  2  3  4  5 |
---------------+----------------+-----
Polearms       | 5 6 7 |  7.5
Fighting       | 3 |  3.8
Dodging        | 5 |  5.5
Throwing       | |  2.0

Action                   |  1- 3 |  4- 6 || total
-------------------------+-------+-------++-------
Melee: Trident           |    80 |   223 ||   303
Throw: Throwing net      |       |     3 ||     3
       Dart              |       |     2 ||     2
  Use: Scroll            |       |     4 ||     4
 Stab: Sleeping          |     5 |     6 ||    11
       Distracted        |       |     1 ||     1
       Held in net/web   |       |     2 ||     2
  Eat: Chunk             |       |     6 ||     6
Armor: Leather armour    |    11 |       ||    11
       Robe              |       |    47 ||    47
Dodge: Dodged            |    39 |   135 ||   174
